CALGARY Flames vs VANCOUVER Canucks

Created - 5 avril 2024 at 17:07

Goals
1 2 3 T
CALGARY Flames 0 1 1 2
VANCOUVER Canucks 2 1 1 4
Shots
1 2 3 T
CALGARY Flames 1 9 5 15
VANCOUVER Canucks 18 8 13 39

1st period

1. VANCOUVER Canucks , Radim Simek 5 (Matt Boldy 33, Christopher Tanev 44) at 9:44
2. VANCOUVER Canucks , Mason Appleton 12 (Jake McCabe 43, Mikhail Sergachev 53) at 14:00 (PP)

Penalties :
Josh Brown (CGY) for Interference (Minor) at 0:51, Jamie Oleksiak (CGY) for Slashing (Minor) at 3:30, Tyler Pitlick (VAN) for Tripping (Minor) at 6:40, Philipp Kurashev (CGY) for Tripping (Minor) at 10:30, Alexei Toropchenko (CGY) for Cross-checking (Minor) at 12:33, Josh Brown (CGY) for Hooking (Minor) at 16:31, Teddy Blueger (VAN) for Slashing (Minor) at 19:24, Josh Brown (CGY) for Holding (Minor) at 19:24

2nd period

3. CALGARY Flames , Darnell Nurse 17 (Jamie Oleksiak 28) at 17:05 (PP)
4. VANCOUVER Canucks , Christopher Tanev 14 (Mikhail Sergachev 54) at 17:30

Penalties :
Charlie Coyle (CGY) for Hooking (Minor) at 3:47, Matt Boldy (VAN) for Roughing (Minor) at 10:07, Christopher Tanev (VAN) for Interference (Minor) at 16:06

3rd period

5. VANCOUVER Canucks , Jakob Silfverberg 18 (Matt Boldy 34, Mikhail Sergachev 55) at 8:25
6. CALGARY Flames , Lawson Crouse 14 (Darnell Nurse 41, Jamie Oleksiak 29) at 15:19

Penalties :
Daniel Sprong (CGY) for Hooking (Minor) at 8:42, Mikhail Sergachev (VAN) for High sticking (Minor) at 10:51, Johnathan Kovacevic (CGY) for Cross-checking (Minor) at 15:34, Charlie McAvoy (CGY) for Tripping (Minor) at 18:11

Goalie Stats

Stuart Skinner (CGY), 35 saves from 39 shots - (0,897), L, 28-20-9, 60:00 minutes
Jake Oettinger (VAN), 13 saves from 15 shots - (0,867), W, 34-33-4, 60:00 minutes

Players Stats for CALGARY Flames

Player Name              G  A  P  +/- PIM S  H  SB GA TA FO     MP     PP MP  PK MP  
------------------------------------------------------------------------------------
A.J. Greer               0  0  0  -2  0   1  2  0  0  0  1/1     7:45   0:00   0:00 
Alex Newhook             0  0  0   0  0   0  1  0  0  0  0/0    12:51   3:08   0:00 
Alexei Toropchenko       0  0  0  -2  2   0  0  1  0  0  0/0     7:44   0:00   0:00 
Boone Jenner             0  0  0   0  0   3  0  0  0  0  8/14   15:55   3:48   1:04 
Charlie Coyle            0  0  0   0  2   1  0  0  0  0  10/29  20:37   3:26   7:02 
Charlie McAvoy           0  0  0  -2  2   3  4  2  0  0  0/0    25:35   3:32   7:57 
Cole Perfetti            0  0  0   0  0   0  0  0  0  0  0/1     9:53   0:22   0:00 
Daniel Sprong            0  0  0   0  2   2  1  0  0  0  0/1    13:17   3:08   0:00 
Darnell Nurse            1  1  2   1  0   1  2  5  0  0  0/0    22:52   3:24   9:21 
Jamie Oleksiak           0  2  2   1  2   1  5  1  0  0  0/0    21:15   3:24   7:45 
Johnathan Kovacevic      0  0  0  -1  2   0  1  0  0  0  0/0    13:07   0:00   1:26 
Josh Brown               0  0  0  -1  6   0  4  0  0  0  0/0    11:59   0:00   0:20 
Keegan Kolesar           0  0  0   0  0   0  0  0  0  0  1/1    16:00   0:00   9:02 
Lawson Crouse            1  0  1   0  0   3  1  0  0  0  1/3    22:57   3:48   8:06 
Michael Rasmussen        0  0  0   0  0   0  2  0  0  0  13/25  19:08   3:08   9:02 
Philipp Kurashev         0  0  0   0  2   0  0  0  0  0  0/1     6:57   0:00   0:00 
Quinn Hughes             0  0  0  -2  0   0  3  4  0  0  0/0    25:06   3:32   7:27 
Ty Dellandrea            0  0  0  -2  0   0  1  0  0  0  4/7     7:45   0:00   0:00 

Players Stats for VANCOUVER Canucks

Player Name              G  A  P  +/- PIM S  H  SB GA TA FO     MP     PP MP  PK MP  
------------------------------------------------------------------------------------
Bryan Little             0  0  0   0  0   0  0  1  0  0  4/4     8:20   0:00   2:49 
Christopher Tanev        1  1  2   1  2   6  1  2  0  0  0/0    23:25   8:32   3:17 
Jake McCabe              0  1  1   1  0   3  3  1  0  0  0/0    27:03   8:36   3:59 
Jakob Silfverberg        1  0  1   1  0   5  1  0  0  0  0/2    25:40   7:50   4:30 
Josh Norris              0  0  0   1  0   3  2  0  0  0  18/27  20:26   7:50   0:48 
Juuso Parssinen          0  0  0   0  0   1  0  0  0  0  2/7     6:57   0:00   0:00 
Mark Kastelic            0  0  0   0  0   0  0  0  0  0  2/4     4:29   0:00   0:00 
Mason Appleton           1  0  1   1  0   2  1  1  0  0  1/1    20:01   9:18   0:00 
Matt Boldy               0  2  2   1  2   1  3  0  0  0  1/1    21:08   7:50   1:04 
Mikhail Sergachev        0  3  3   2  2   6  0  1  0  0  0/0    25:41   8:36   2:13 
Nils Lundkvist           0  0  0   0  0   0  0  0  0  0  0/0     9:51   0:00   0:00 
Philip Tomasino          0  0  0   1  0   2  3  0  0  0  0/1    20:01   9:18   0:00 
Radim Simek              1  0  1   0  0   2  1  1  0  0  0/0    23:27   8:32   3:43 
Shane Pinto              0  0  0   1  0   5  1  0  0  0  14/26  20:01   9:18   0:00 
Stefan Noesen            0  0  0   0  0   0  0  0  0  0  0/0     5:51   0:00   1:22 
Teddy Blueger            0  0  0   0  2   0  1  0  0  0  0/0     6:56   0:00   0:00 
Tyler Pitlick            0  0  0   0  2   1  1  0  0  0  3/10   11:12   0:00   3:19 
Victor Mete              0  0  0   0  0   2  1  0  0  0  0/0    10:31   0:00   0:40 

3 Stars

1 - Darnell Nurse (CGY)
2 - Mikhail Sergachev (VAN)
3 - Christopher Tanev (VAN)

Power Play

CALGARY Flames - 1 on 4 Attempt(s) - 25,00%
VANCOUVER Canucks - 1 on 9 Attempt(s) - 11,11%

Penalty Kill

CALGARY Flames - 8 on 9 Attempt(s) - 88,89% - Score 0 goal in Penalty Kill
VANCOUVER Canucks - 3 on 4 Attempt(s) - 75,00% - Score 0 goal in Penalty Kill

Team Stat

CALGARY Flames - Hits : 27 - Faceoff Wins : 38 - Blocked Shots : 13 - Penalty Minutes : 20
VANCOUVER Canucks - Hits : 19 - Faceoff Wins : 45 - Blocked Shots : 7 - Penalty Minutes : 10

Official

Referees : Michael Markovic and Kyle Rehman
Linesman : James Tobias and Dan Kelly

Game Notes

No Game Note

Finance

Level 1 -- Attendance: 5045 (72,07%) -- Ticket Income $504,500
Level 2 -- Attendance: 3915 (65,25%) -- Ticket Income $234,900
Level 3 -- Attendance: 2140 (53,50%) -- Ticket Income $74,900
Level 4 -- Attendance: 4064 (81,28%) -- Ticket Income $81,280
Luxury Box -- Attendance: 830 (82,10%) -- Ticket Income $166,000
Game was played at the Rogers Arena.
Total Attendance: 15994 (69,51%)
Total Ticket Income: $1,061,580
Other Income: $265,395
Total Income: $1,326,975

CALGARY Flames

5 vs 5 Forward 
   Center                   Left Wing                Right Wing               Time % Phy DF OF 
 1 Boone Jenner             Alex Newhook             Lawson Crouse            30     2   1  2  
 2 Charlie Coyle            Cole Perfetti            Daniel Sprong            30     1   1  3  
 3 Michael Rasmussen        Philipp Kurashev         Keegan Kolesar           25     2   1  2  
 4 Ty Dellandrea            Alexei Toropchenko       A.J. Greer               15     2   1  2  

5 vs 5 Defense 
   Defense                  Defense                                           Time % Phy DF OF 
 1 Quinn Hughes             Charlie McAvoy                                    40     1   2  2  
 2 Darnell Nurse            Jamie Oleksiak                                    30     2   2  1  
 3 Johnathan Kovacevic      Josh Brown                                        25     3   2  0  
 4 Darnell Nurse            Jamie Oleksiak                                    5      2   2  1  

PowerPlay Forward 
   Center                   Left Wing                Right Wing               Time % Phy DF OF 
 1 Boone Jenner             Lawson Crouse            Charlie Coyle            55     1   0  4  
 2 Michael Rasmussen        Alex Newhook             Daniel Sprong            45     1   0  4  

PowerPlay Defense
   Defense                  Defense                                           Time % Phy DF OF 
 1 Quinn Hughes             Charlie McAvoy                                    60     1   2  2  
 2 Darnell Nurse            Jamie Oleksiak                                    40     1   2  2  

Penalty Kill 4 Players Forward 
   Center                   Wing                     Time % Phy DF OF 
 1 Charlie Coyle            Lawson Crouse            50     1   3  1  
 2 Michael Rasmussen        Keegan Kolesar           50     2   3  0  

Penalty Kill 4 Players Defense
   Defense                  Defense                  Time % Phy DF OF 
 1 Darnell Nurse            Charlie McAvoy           60     1   2  2  
 2 Quinn Hughes             Jamie Oleksiak           40     1   2  2  

Penalty Kill - 3 Players Forward 
   Forward                                           Time % Phy DF OF 
 1 Charlie Coyle                                     50     1   4  0  
 2 Michael Rasmussen                                 50     1   4  0  

Penalty Kill - 3 Players Defense
   Defense                  Defense                  Time % Phy DF OF 
 1 Darnell Nurse            Charlie McAvoy           60     1   2  2  
 2 Quinn Hughes             Jamie Oleksiak           40     1   2  2  

4 vs 4 Forward 
   Center                   Wing                     Time % Phy DF OF 
 1 Boone Jenner             Lawson Crouse            50     2   1  2  
 2 Charlie Coyle            Daniel Sprong            50     1   1  3  

4 vs 4 Defense
   Defense                  Defense                  Time % Phy DF OF 
 1 Quinn Hughes             Charlie McAvoy           55     1   2  2  
 2 Darnell Nurse            Jamie Oleksiak           45     1   2  2  

Last Minutes Offensive
   Center                   Left Wing                Right Wing               Defense                  Defense                  
   Boone Jenner             Lawson Crouse            Charlie Coyle            Quinn Hughes             Charlie McAvoy           

Last Minutes Defensive
   Center                   Left Wing                Right Wing               Defense                  Defense                  
   Charlie Coyle            Michael Rasmussen        Lawson Crouse            Darnell Nurse            Charlie McAvoy           

Goaltenders
Starting : Stuart Skinner           
Backup : Jacob Markstrom          

Extra Forwards
Normal : Charlie Coyle, Boone Jenner, Michael Rasmussen - PP : Cole Perfetti, Michael Rasmussen - PK : Boone Jenner
Extra Defensemen
Normal : Jamie Oleksiak, Johnathan Kovacevic, Josh Brown - PP : Jamie Oleksiak - PK : Jamie Oleksiak, Johnathan Kovacevic
Penalty Shots
Alex Newhook, Boone Jenner, Quinn Hughes, Charlie McAvoy, Daniel Sprong

Scratches
Jacob Bryson (Healthy), Jake Muzzin (Healthy)

VANCOUVER Canucks

5 vs 5 Forward 
   Center                   Left Wing                Right Wing               Time % Phy DF OF 
 1 Josh Norris              Matt Boldy               Jakob Silfverberg        40     1   2  2  
 2 Shane Pinto              Philip Tomasino          Mason Appleton           30     1   2  2  
 3 Juuso Parssinen          Teddy Blueger            Tyler Pitlick            20     1   2  2  
 4 Mark Kastelic            Stefan Noesen            Bryan Little             10     1   2  2  

5 vs 5 Defense 
   Defense                  Defense                                           Time % Phy DF OF 
 1 Mikhail Sergachev        Jake McCabe                                       40     1   2  2  
 2 Christopher Tanev        Radim Simek                                       30     1   2  2  
 3 Nils Lundkvist           Victor Mete                                       20     1   2  2  
 4 Mikhail Sergachev        Christopher Tanev                                 10     1   2  2  

PowerPlay Forward 
   Center                   Left Wing                Right Wing               Time % Phy DF OF 
 1 Josh Norris              Matt Boldy               Jakob Silfverberg        60     1   2  2  
 2 Shane Pinto              Philip Tomasino          Mason Appleton           40     1   2  2  

PowerPlay Defense
   Defense                  Defense                                           Time % Phy DF OF 
 1 Mikhail Sergachev        Jake McCabe                                       60     1   2  2  
 2 Christopher Tanev        Radim Simek                                       40     1   2  2  

Penalty Kill 4 Players Forward 
   Center                   Wing                     Time % Phy DF OF 
 1 Tyler Pitlick            Jakob Silfverberg        60     1   2  2  
 2 Bryan Little             Matt Boldy               40     1   2  2  

Penalty Kill 4 Players Defense
   Defense                  Defense                  Time % Phy DF OF 
 1 Mikhail Sergachev        Jake McCabe              60     1   2  2  
 2 Christopher Tanev        Radim Simek              40     1   2  2  

Penalty Kill - 3 Players Forward 
   Forward                                           Time % Phy DF OF 
 1 Jakob Silfverberg                                 60     1   2  2  
 2 Bryan Little                                      40     1   2  2  

Penalty Kill - 3 Players Defense
   Defense                  Defense                  Time % Phy DF OF 
 1 Mikhail Sergachev        Nils Lundkvist           60     1   2  2  
 2 Christopher Tanev        Radim Simek              40     1   2  2  

4 vs 4 Forward 
   Center                   Wing                     Time % Phy DF OF 
 1 Tyler Pitlick            Jakob Silfverberg        60     1   2  2  
 2 Bryan Little             Matt Boldy               40     1   2  2  

4 vs 4 Defense
   Defense                  Defense                  Time % Phy DF OF 
 1 Jake McCabe              Mikhail Sergachev        60     1   2  2  
 2 Christopher Tanev        Radim Simek              40     1   2  2  

Last Minutes Offensive
   Center                   Left Wing                Right Wing               Defense                  Defense                  
   Matt Boldy               Jakob Silfverberg        Bryan Little             Mikhail Sergachev        Jake McCabe              

Last Minutes Defensive
   Center                   Left Wing                Right Wing               Defense                  Defense                  
   Matt Boldy               Jakob Silfverberg        Bryan Little             Mikhail Sergachev        Jake McCabe              

Goaltenders
Starting : Jake Oettinger           
Backup : Martin Jones             

Extra Forwards
Normal : Bryan Little, Tyler Pitlick, Jakob Silfverberg - PP : Bryan Little, Tyler Pitlick - PK : Bryan Little
Extra Defensemen
Normal : Christopher Tanev, Radim Simek, Victor Mete - PP : Christopher Tanev - PK : Christopher Tanev, Radim Simek
Penalty Shots
Tyler Pitlick, Jakob Silfverberg, Bryan Little, Teddy Blueger, Shane Pinto

Scratches
None


% Time on Ice - CALGARY Flames

Lines # - Real PCT - Wanted PCT - Time Play
Normal Forward
1 - 29% - 30% - 9:43
2 - 28% - 30% - 9:31
3 - 21% - 25% - 6:58
4 - 23% - 15% - 7:45
Normal Defense
1 - 38% - 40% - 12:53
2 - 28% - 30% - 9:22
3 - 34% - 25% - 11:42
4 - 0% - 5% - 0:00
PP Forward
1 - 55% - 55% - 3:48
2 - 45% - 45% - 3:08
PP Defense
1 - 51% - 60% - 3:32
2 - 49% - 40% - 3:24
PK Forward
1 - 47% - 50% - 8:06
2 - 53% - 50% - 9:02
PK Defense
1 - 57% - 60% - 9:41
2 - 43% - 40% - 7:27
PK3 Forward
1 - 0% - 50%
2 - 0% - 50%
PK3 Defense
1 - 0% - 60%
2 - 0% - 40%
44 Forward
1 - 67% - 50% - 1:20
2 - 33% - 50% - 0:39
44 Defense
1 - 62% - 55% - 1:14
2 - 38% - 45% - 0:45
Last Minute Offensive  - 0:00
Last Minute Defensive  - 0:00
Total
Forward - 60:00
Defense - 60:00

% Time on Ice - VANCOUVER Canucks

Lines # - Real PCT - Wanted PCT - Time Play
Normal Forward
1 - 35% - 40% - 11:48
2 - 32% - 30% - 10:43
3 - 20% - 20% - 6:57
4 - 13% - 10% - 4:29
Normal Defense
1 - 38% - 40% - 12:47
2 - 32% - 30% - 10:54
3 - 29% - 20% - 9:51
4 - 1% - 10% - 0:25
PP Forward
1 - 46% - 60% - 7:50
2 - 54% - 40% - 9:18
PP Defense
1 - 50% - 60% - 8:36
2 - 50% - 40% - 8:32
PK Forward
1 - 75% - 60% - 5:12
2 - 25% - 40% - 1:44
PK Defense
1 - 64% - 60% - 4:28
2 - 36% - 40% - 2:28
PK3 Forward
1 - 0% - 60%
2 - 0% - 40%
PK3 Defense
1 - 0% - 60%
2 - 0% - 40%
44 Forward
1 - 77% - 60% - 1:32
2 - 23% - 40% - 0:27
44 Defense
1 - 85% - 60% - 1:41
2 - 15% - 40% - 0:18
Last Minute Offensive  - 0:00
Last Minute Defensive  - 0:00
Total
Forward - 60:00
Defense - 60:00

Play-by-Play

1st period


0:01 of 1st period - Josh Norris wins face-off versus Boone Jenner in neutral zone.
0:10 of 1st period - Mikhail Sergachev is hit by Lawson Crouse and loses puck.
0:39 of 1st period - Icing by Mikhail Sergachev.
0:40 of 1st period - Josh Norris wins face-off versus Charlie Coyle in VANCOUVER Canucks zone.
0:42 of 1st period - Icing by Jake McCabe.
0:43 of 1st period - Josh Norris wins face-off versus Philipp Kurashev in VANCOUVER Canucks zone.
0:51 of 1st period - Minor Penalty to Josh Brown for Interference.
0:52 of 1st period - Michael Rasmussen wins face-off versus Philip Tomasino in CALGARY Flames zone.
1:14 of 1st period - Icing by Mason Appleton.
1:15 of 1st period - Charlie Coyle wins face-off versus Shane Pinto in VANCOUVER Canucks zone.
1:27 of 1st period - Philip Tomasino is hit by Quinn Hughes and loses puck.
1:44 of 1st period - Shot by Shane Pinto.
1:44 of 1st period - Shot Misses the Net.
1:46 of 1st period - Shot by Christopher Tanev.
1:46 of 1st period - Stopped by Stuart Skinner without a rebound.
1:47 of 1st period - Josh Norris wins face-off versus Michael Rasmussen in CALGARY Flames zone.
1:47 of 1st period - Josh Norris is hit by Jamie Oleksiak.
2:17 of 1st period - Shot by Mikhail Sergachev.
2:17 of 1st period - Stopped by Stuart Skinner without a rebound.
2:18 of 1st period - Shane Pinto wins face-off versus Michael Rasmussen in CALGARY Flames zone.
2:29 of 1st period - Shot by Philip Tomasino.
2:29 of 1st period - Shot Misses the Net.
2:31 of 1st period - Shot by Christopher Tanev.
2:31 of 1st period - Shot Misses the Net.
2:33 of 1st period - Shot by Christopher Tanev.
2:33 of 1st period - Stopped by Stuart Skinner without a rebound.
2:34 of 1st period - Charlie Coyle wins face-off versus Josh Norris in CALGARY Flames zone.
2:34 of 1st period - Charlie McAvoy is hit by Josh Norris and loses puck.
2:47 of 1st period - Shot by Mikhail Sergachev.
2:47 of 1st period - Shot Misses the Net.
2:49 of 1st period - Shot by Mikhail Sergachev.
2:49 of 1st period - Stopped by Stuart Skinner without a rebound.
2:50 of 1st period - Shane Pinto wins face-off versus Charlie Coyle in CALGARY Flames zone.
3:13 of 1st period - Shot by Daniel Sprong.
3:13 of 1st period - Shot Blocked by Radim Simek.
3:20 of 1st period - Tyler Pitlick is hit by Jamie Oleksiak and loses puck.
3:23 of 1st period - Shot by Tyler Pitlick.
3:23 of 1st period - Deflect By Teddy Blueger.
3:23 of 1st period - Shot Misses the Net.
3:30 of 1st period - Minor Penalty to Jamie Oleksiak for Slashing.
3:31 of 1st period - Josh Norris wins face-off versus Michael Rasmussen in CALGARY Flames zone.
3:36 of 1st period - Shot by Jake McCabe.
3:36 of 1st period - Deflect By Matt Boldy.
3:36 of 1st period - Stopped by Stuart Skinner without a rebound.
3:37 of 1st period - Josh Norris wins face-off versus Charlie Coyle in CALGARY Flames zone.
4:06 of 1st period - Shot by Mikhail Sergachev.
4:06 of 1st period - Shot Misses the Net.
5:49 of 1st period - Icing by Johnathan Kovacevic.
5:50 of 1st period - Boone Jenner wins face-off versus Juuso Parssinen in CALGARY Flames zone.
5:55 of 1st period - Shot by Lawson Crouse.
5:55 of 1st period - Deflect By Boone Jenner.
5:55 of 1st period - Stopped by Jake Oettinger without a rebound.
5:56 of 1st period - Charlie Coyle wins face-off versus Juuso Parssinen in VANCOUVER Canucks zone.
6:04 of 1st period - Johnathan Kovacevic is hit by Teddy Blueger.
6:36 of 1st period - Teddy Blueger is hit by Johnathan Kovacevic and loses puck.
6:40 of 1st period - Minor Penalty to Tyler Pitlick for Tripping.
6:41 of 1st period - Bryan Little wins face-off versus Boone Jenner in VANCOUVER Canucks zone.
6:56 of 1st period - Shot by Charlie Coyle.
6:56 of 1st period - Shot Misses the Net.
8:53 of 1st period - Shot by A.J. Greer.
8:53 of 1st period - Shot Misses the Net.
9:01 of 1st period - Johnathan Kovacevic is hit by Philip Tomasino and loses puck.
9:12 of 1st period - Shot by Philip Tomasino.
9:12 of 1st period - Deflect By Shane Pinto.
9:12 of 1st period - Stopped by Stuart Skinner with a rebound.
9:17 of 1st period - Icing by Johnathan Kovacevic.
9:18 of 1st period - Juuso Parssinen wins face-off versus Ty Dellandrea in CALGARY Flames zone.
9:26 of 1st period - Icing by Johnathan Kovacevic.
9:27 of 1st period - Josh Norris wins face-off versus Ty Dellandrea in CALGARY Flames zone.
9:44 of 1st period - Shot by Radim Simek.
9:44 of 1st period - Goal by Radim Simek - CALGARY Flames : 0 - VANCOUVER Canucks : 1.
9:45 of 1st period - Mason Appleton wins face-off versus Michael Rasmussen in neutral zone.
9:52 of 1st period - Off-side.
9:53 of 1st period - Shane Pinto wins face-off versus Michael Rasmussen in neutral zone.
9:53 of 1st period - Mikhail Sergachev is hit by Michael Rasmussen and loses puck.
10:02 of 1st period - Shot by Philipp Kurashev.
10:02 of 1st period - Shot Misses the Net.
10:04 of 1st period - Shot by Keegan Kolesar.
10:04 of 1st period - Shot Blocked by Mason Appleton.
10:06 of 1st period - Shot by Philipp Kurashev.
10:06 of 1st period - Shot Blocked by Jake McCabe.
10:23 of 1st period - Charlie McAvoy is hit by Mason Appleton and loses puck.
10:30 of 1st period - Minor Penalty to Philipp Kurashev for Tripping.
10:31 of 1st period - Josh Norris wins face-off versus Charlie Coyle in CALGARY Flames zone.
10:41 of 1st period - Shot by Christopher Tanev.
10:41 of 1st period - Shot Blocked by Charlie McAvoy.
10:43 of 1st period - Shot by Radim Simek.
10:43 of 1st period - Stopped by Stuart Skinner without a rebound.
10:44 of 1st period - Josh Norris wins face-off versus Charlie Coyle in CALGARY Flames zone.
11:11 of 1st period - Shot by Jakob Silfverberg.
11:11 of 1st period - Shot Blocked by Darnell Nurse.
11:18 of 1st period - Icing by Josh Norris.
11:19 of 1st period - Keegan Kolesar wins face-off versus Josh Norris in VANCOUVER Canucks zone.
11:56 of 1st period - Shot by Mikhail Sergachev.
11:56 of 1st period - Stopped by Stuart Skinner with a rebound.
11:58 of 1st period - Shot by Jake McCabe.
11:58 of 1st period - Shot Blocked by Darnell Nurse.
12:00 of 1st period - Shot by Jake McCabe.
12:00 of 1st period - Shot Hit the Post.
12:02 of 1st period - Shot by Jake McCabe.
12:02 of 1st period - Stopped by Stuart Skinner without a rebound.
12:03 of 1st period - Charlie Coyle wins face-off versus Shane Pinto in CALGARY Flames zone.
12:33 of 1st period - Minor Penalty to Alexei Toropchenko for Cross-checking.
12:34 of 1st period - Michael Rasmussen wins face-off versus Josh Norris in CALGARY Flames zone.
12:52 of 1st period - Jamie Oleksiak is hit by Jakob Silfverberg and loses puck.
13:01 of 1st period - Shot by Josh Norris.
13:01 of 1st period - Stopped by Stuart Skinner without a rebound.
13:02 of 1st period - Shane Pinto wins face-off versus Charlie Coyle in CALGARY Flames zone.
13:19 of 1st period - Shot by Mikhail Sergachev.
13:19 of 1st period - Stopped by Stuart Skinner without a rebound.
13:20 of 1st period - Josh Norris wins face-off versus Charlie Coyle in CALGARY Flames zone.
13:20 of 1st period - Josh Norris is hit by Darnell Nurse.
13:34 of 1st period - Shot by Christopher Tanev.
13:34 of 1st period - Shot Misses the Net.
13:36 of 1st period - Shot by Christopher Tanev.
13:36 of 1st period - Stopped by Stuart Skinner without a rebound.
13:37 of 1st period - Michael Rasmussen wins face-off versus Shane Pinto in CALGARY Flames zone.
13:37 of 1st period - Quinn Hughes is hit by Philip Tomasino and loses puck.
13:54 of 1st period - Shot by Jake McCabe.
13:54 of 1st period - Shot Blocked by Quinn Hughes.
14:00 of 1st period - Shot by Mason Appleton.
14:00 of 1st period - Goal by Mason Appleton - CALGARY Flames : 0 - VANCOUVER Canucks : 2.
14:01 of 1st period - Boone Jenner wins face-off versus Josh Norris in neutral zone.
14:04 of 1st period - Jakob Silfverberg is hit by Alex Newhook and loses puck.
14:15 of 1st period - Shot by Jakob Silfverberg.
14:15 of 1st period - Stopped by Stuart Skinner without a rebound.
14:16 of 1st period - Shane Pinto wins face-off versus Charlie Coyle in CALGARY Flames zone.
15:04 of 1st period - Mikhail Sergachev is hit by Charlie McAvoy and loses puck.
16:31 of 1st period - Minor Penalty to Josh Brown for Hooking.
16:32 of 1st period - Michael Rasmussen wins face-off versus Shane Pinto in CALGARY Flames zone.
16:43 of 1st period - Shot by Jake McCabe.
16:43 of 1st period - Shot Hit the Post.
17:28 of 1st period - Off-side.
17:29 of 1st period - Shane Pinto wins face-off versus Michael Rasmussen in neutral zone.
17:32 of 1st period - Shot by Mikhail Sergachev.
17:32 of 1st period - Shot Misses the Net.
17:34 of 1st period - Shot by Jake McCabe.
17:34 of 1st period - Shot Misses the Net.
17:36 of 1st period - Shot by Jake McCabe.
17:36 of 1st period - Stopped by Stuart Skinner without a rebound.
17:37 of 1st period - Josh Norris wins face-off versus Michael Rasmussen in CALGARY Flames zone.
17:44 of 1st period - Shot by Mikhail Sergachev.
17:44 of 1st period - Shot Misses the Net.
17:46 of 1st period - Shot by Jake McCabe.
17:46 of 1st period - Stopped by Stuart Skinner with a rebound.
17:48 of 1st period - Shot by Matt Boldy.
17:48 of 1st period - Shot Blocked by Charlie McAvoy.
17:50 of 1st period - Shot by Mikhail Sergachev.
17:50 of 1st period - Stopped by Stuart Skinner without a rebound.
17:51 of 1st period - Michael Rasmussen wins face-off versus Shane Pinto in CALGARY Flames zone.
17:51 of 1st period - Michael Rasmussen is hit by Shane Pinto.
18:39 of 1st period - Nils Lundkvist is hit by A.J. Greer and loses puck.
19:14 of 1st period - Juuso Parssinen is hit by Ty Dellandrea and loses puck.
19:18 of 1st period - Victor Mete is hit by A.J. Greer and loses puck.
19:22 of 1st period - Teddy Blueger is hit by Josh Brown and loses puck.
19:24 of 1st period - Minor Penalty to Teddy Blueger for Slashing.
19:24 of 1st period - Minor Penalty to Josh Brown for Holding.
19:25 of 1st period - Bryan Little wins face-off versus Lawson Crouse in CALGARY Flames zone.
Goals for this period are 0 for CALGARY Flames vs 2 for VANCOUVER Canucks.
Shots for this period are 1 for CALGARY Flames vs 18 for VANCOUVER Canucks.

2nd period


0:01 of 2nd period - Charlie Coyle wins face-off versus Tyler Pitlick in neutral zone.
0:26 of 2nd period - Shot by Tyler Pitlick.
0:26 of 2nd period - Stopped by Stuart Skinner without a rebound.
0:27 of 2nd period - Lawson Crouse wins face-off versus Tyler Pitlick in CALGARY Flames zone.
0:27 of 2nd period - Lawson Crouse is hit by Tyler Pitlick.
0:44 of 2nd period - Shot by Jakob Silfverberg.
0:44 of 2nd period - Stopped by Stuart Skinner without a rebound.
0:45 of 2nd period - Tyler Pitlick wins face-off versus Charlie Coyle in CALGARY Flames zone.
0:56 of 2nd period - Shot by Jakob Silfverberg.
0:56 of 2nd period - Stopped by Stuart Skinner without a rebound.
0:57 of 2nd period - Bryan Little wins face-off versus Boone Jenner in CALGARY Flames zone.
1:09 of 2nd period - Matt Boldy is hit by Darnell Nurse and loses puck.
1:36 of 2nd period - Radim Simek is hit by Michael Rasmussen and loses puck.
2:14 of 2nd period - Icing by Charlie McAvoy.
2:15 of 2nd period - Michael Rasmussen wins face-off versus Josh Norris in CALGARY Flames zone.
2:33 of 2nd period - Mikhail Sergachev is hit by Jamie Oleksiak and loses puck.
2:48 of 2nd period - Shot by Matt Boldy.
2:48 of 2nd period - Shot Misses the Net.
2:50 of 2nd period - Shot by Josh Norris.
2:50 of 2nd period - Shot Misses the Net.
2:52 of 2nd period - Shot by Matt Boldy.
2:52 of 2nd period - Shot Misses the Net.
2:57 of 2nd period - Jakob Silfverberg is hit by Jamie Oleksiak and loses puck.
3:47 of 2nd period - Minor Penalty to Charlie Coyle for Hooking.
3:48 of 2nd period - Shane Pinto wins face-off versus Michael Rasmussen in CALGARY Flames zone.
4:13 of 2nd period - Shot by Radim Simek.
4:13 of 2nd period - Shot Blocked by Quinn Hughes.
4:15 of 2nd period - Shot by Radim Simek.
4:15 of 2nd period - Shot Blocked by Jamie Oleksiak.
4:17 of 2nd period - Shot by Christopher Tanev.
4:17 of 2nd period - Stopped by Stuart Skinner without a rebound.
4:18 of 2nd period - Boone Jenner wins face-off versus Josh Norris in CALGARY Flames zone.
5:00 of 2nd period - Boone Jenner is hit by Josh Norris and loses puck.
5:27 of 2nd period - Shot by Philip Tomasino.
5:27 of 2nd period - Stopped by Stuart Skinner with a rebound.
5:29 of 2nd period - Shot by Radim Simek.
5:29 of 2nd period - Shot Misses the Net.
6:00 of 2nd period - Stefan Noesen is hit by Josh Brown and loses puck.
6:07 of 2nd period - Shot by Daniel Sprong.
6:07 of 2nd period - Stopped by Jake Oettinger with a rebound.
6:09 of 2nd period - Shot by Charlie Coyle.
6:09 of 2nd period - Shot Misses the Net.
6:11 of 2nd period - Shot by Johnathan Kovacevic.
6:11 of 2nd period - Shot Misses the Net.
6:13 of 2nd period - Shot by Charlie Coyle.
6:13 of 2nd period - Stopped by Jake Oettinger without a rebound.
6:14 of 2nd period - Ty Dellandrea wins face-off versus Juuso Parssinen in VANCOUVER Canucks zone.
6:14 of 2nd period - Ty Dellandrea is hit by Jake McCabe.
6:36 of 2nd period - Icing by A.J. Greer.
6:37 of 2nd period - Ty Dellandrea wins face-off versus Josh Norris in CALGARY Flames zone.
6:50 of 2nd period - Shot by Alexei Toropchenko.
6:50 of 2nd period - Shot Hit the Post.
7:21 of 2nd period - Shot by Josh Norris.
7:21 of 2nd period - Shot Misses the Net.
7:32 of 2nd period - Shane Pinto is hit by Charlie McAvoy and loses puck.
7:46 of 2nd period - Shane Pinto is hit by Quinn Hughes and loses puck.
7:52 of 2nd period - Mason Appleton is hit by Charlie McAvoy and loses puck.
8:56 of 2nd period - Shot by Lawson Crouse.
8:56 of 2nd period - Stopped by Jake Oettinger without a rebound.
8:57 of 2nd period - Josh Norris wins face-off versus Charlie Coyle in VANCOUVER Canucks zone.
9:15 of 2nd period - Josh Brown is hit by Christopher Tanev and loses puck.
9:20 of 2nd period - Shot by Daniel Sprong.
9:20 of 2nd period - Stopped by Jake Oettinger without a rebound.
9:21 of 2nd period - Michael Rasmussen wins face-off versus Juuso Parssinen in VANCOUVER Canucks zone.
9:43 of 2nd period - Shot by Juuso Parssinen.
9:43 of 2nd period - Stopped by Stuart Skinner without a rebound.
9:44 of 2nd period - Josh Norris wins face-off versus Lawson Crouse in CALGARY Flames zone.
9:45 of 2nd period - Shot by Jakob Silfverberg.
9:45 of 2nd period - Stopped by Stuart Skinner with a rebound.
9:51 of 2nd period - Shot by Matt Boldy.
9:51 of 2nd period - Shot Misses the Net.
10:07 of 2nd period - Minor Penalty to Matt Boldy for Roughing.
10:08 of 2nd period - Michael Rasmussen wins face-off versus Tyler Pitlick in VANCOUVER Canucks zone.
10:11 of 2nd period - Shot by Jamie Oleksiak.
10:11 of 2nd period - Stopped by Jake Oettinger without a rebound.
10:12 of 2nd period - Boone Jenner wins face-off versus Tyler Pitlick in VANCOUVER Canucks zone.
11:05 of 2nd period - Shot by Charlie McAvoy.
11:05 of 2nd period - Shot Misses the Net.
11:23 of 2nd period - Shot by Charlie McAvoy.
11:23 of 2nd period - Shot Misses the Net.
11:25 of 2nd period - Shot by Quinn Hughes.
11:25 of 2nd period - Shot Blocked by Christopher Tanev.
11:27 of 2nd period - Shot by Charlie McAvoy.
11:27 of 2nd period - Shot Blocked by Bryan Little.
11:29 of 2nd period - Shot by Quinn Hughes.
11:29 of 2nd period - Deflect By Michael Rasmussen.
11:29 of 2nd period - Shot Blocked by Christopher Tanev.
11:31 of 2nd period - Shot by Charlie McAvoy.
11:31 of 2nd period - Stopped by Jake Oettinger without a rebound.
11:32 of 2nd period - Tyler Pitlick wins face-off versus Boone Jenner in VANCOUVER Canucks zone.
11:47 of 2nd period - Shot by Quinn Hughes.
11:47 of 2nd period - Shot Blocked by Mikhail Sergachev.
11:49 of 2nd period - Shot by Lawson Crouse.
11:49 of 2nd period - Shot Hit the Post.
11:51 of 2nd period - Shot by Charlie McAvoy.
11:51 of 2nd period - Stopped by Jake Oettinger without a rebound.
11:52 of 2nd period - Michael Rasmussen wins face-off versus Tyler Pitlick in VANCOUVER Canucks zone.
12:15 of 2nd period - Shot by Shane Pinto.
12:15 of 2nd period - Shot Misses the Net.
12:40 of 2nd period - Philip Tomasino is hit by Josh Brown and loses puck.
12:47 of 2nd period - Shot by Shane Pinto.
12:47 of 2nd period - Shot Misses the Net.
12:50 of 2nd period - Icing by Johnathan Kovacevic.
12:51 of 2nd period - A.J. Greer wins face-off versus Mark Kastelic in CALGARY Flames zone.
12:53 of 2nd period - Icing by Alexei Toropchenko.
12:54 of 2nd period - Ty Dellandrea wins face-off versus Jakob Silfverberg in CALGARY Flames zone.
13:44 of 2nd period - Icing by Mikhail Sergachev.
13:45 of 2nd period - Josh Norris wins face-off versus Boone Jenner in VANCOUVER Canucks zone.
14:24 of 2nd period - Shot by Philip Tomasino.
14:24 of 2nd period - Shot Misses the Net.
15:13 of 2nd period - Icing by Philipp Kurashev.
15:14 of 2nd period - Michael Rasmussen wins face-off versus Mark Kastelic in CALGARY Flames zone.
15:42 of 2nd period - Off-side.
15:43 of 2nd period - Josh Norris wins face-off versus Charlie Coyle in neutral zone.
15:59 of 2nd period - Johnathan Kovacevic is hit by Radim Simek and loses puck.
16:06 of 2nd period - Minor Penalty to Christopher Tanev for Interference.
16:07 of 2nd period - Tyler Pitlick wins face-off versus Charlie Coyle in VANCOUVER Canucks zone.
16:36 of 2nd period - Shot by Boone Jenner.
16:36 of 2nd period - Stopped by Jake Oettinger without a rebound.
16:37 of 2nd period - Bryan Little wins face-off versus Michael Rasmussen in VANCOUVER Canucks zone.
17:03 of 2nd period - Shot by Jamie Oleksiak.
17:03 of 2nd period - Shot Misses the Net.
17:05 of 2nd period - Shot by Darnell Nurse.
17:05 of 2nd period - Goal by Darnell Nurse - CALGARY Flames : 1 - VANCOUVER Canucks : 2.
17:06 of 2nd period - Shane Pinto wins face-off versus Ty Dellandrea in neutral zone.
17:30 of 2nd period - Shot by Christopher Tanev.
17:30 of 2nd period - Goal by Christopher Tanev - CALGARY Flames : 1 - VANCOUVER Canucks : 3.
17:31 of 2nd period - Mark Kastelic wins face-off versus Charlie Coyle in neutral zone.
18:54 of 2nd period - Icing by Charlie McAvoy.
18:55 of 2nd period - Boone Jenner wins face-off versus Shane Pinto in CALGARY Flames zone.
Goals for this period are 1 for CALGARY Flames vs 1 for VANCOUVER Canucks.
Shots for this period are 9 for CALGARY Flames vs 8 for VANCOUVER Canucks.

3rd period


0:01 of 3rd period - Michael Rasmussen wins face-off versus Josh Norris in neutral zone.
0:18 of 3rd period - Shot by Philipp Kurashev.
0:18 of 3rd period - Shot Misses the Net.
0:26 of 3rd period - Shot by Michael Rasmussen.
0:26 of 3rd period - Shot Misses the Net.
0:55 of 3rd period - Charlie Coyle is hit by Jake McCabe and loses puck.
3:15 of 3rd period - Shot by Juuso Parssinen.
3:15 of 3rd period - Shot Misses the Net.
4:29 of 3rd period - Shot by Victor Mete.
4:29 of 3rd period - Stopped by Stuart Skinner with a rebound.
4:31 of 3rd period - Shot by Jakob Silfverberg.
4:31 of 3rd period - Shot Hit the Post.
4:33 of 3rd period - Shot by Victor Mete.
4:33 of 3rd period - Stopped by Stuart Skinner with a rebound.
4:38 of 3rd period - Matt Boldy is hit by Josh Brown and loses puck.
5:12 of 3rd period - Icing by Charlie Coyle.
5:13 of 3rd period - Charlie Coyle wins face-off versus Juuso Parssinen in CALGARY Flames zone.
5:17 of 3rd period - Off-side.
5:18 of 3rd period - Shane Pinto wins face-off versus Boone Jenner in neutral zone.
5:31 of 3rd period - Shot by Philip Tomasino.
5:31 of 3rd period - Shot Blocked by Quinn Hughes.
5:33 of 3rd period - Shot by Shane Pinto.
5:33 of 3rd period - Stopped by Stuart Skinner without a rebound.
5:34 of 3rd period - Juuso Parssinen wins face-off versus Michael Rasmussen in CALGARY Flames zone.
6:27 of 3rd period - Icing by Darnell Nurse.
6:28 of 3rd period - Michael Rasmussen wins face-off versus Jakob Silfverberg in CALGARY Flames zone.
7:11 of 3rd period - Shot by Boone Jenner.
7:11 of 3rd period - Stopped by Jake Oettinger without a rebound.
7:12 of 3rd period - Shane Pinto wins face-off versus Charlie Coyle in VANCOUVER Canucks zone.
7:14 of 3rd period - Icing by Mason Appleton.
7:15 of 3rd period - Shane Pinto wins face-off versus Cole Perfetti in VANCOUVER Canucks zone.
7:15 of 3rd period - Philip Tomasino is hit by Daniel Sprong and loses puck.
7:42 of 3rd period - Shot by Philip Tomasino.
7:42 of 3rd period - Stopped by Stuart Skinner without a rebound.
7:43 of 3rd period - Boone Jenner wins face-off versus Josh Norris in CALGARY Flames zone.
7:43 of 3rd period - Boone Jenner is hit by Matt Boldy.
8:15 of 3rd period - Charlie McAvoy is hit by Matt Boldy.
8:23 of 3rd period - Shot by Matt Boldy.
8:23 of 3rd period - Shot Blocked by Quinn Hughes.
8:25 of 3rd period - Shot by Jakob Silfverberg.
8:25 of 3rd period - Goal by Jakob Silfverberg - CALGARY Flames : 1 - VANCOUVER Canucks : 4.
8:26 of 3rd period - Charlie Coyle wins face-off versus Shane Pinto in neutral zone.
8:42 of 3rd period - Minor Penalty to Daniel Sprong for Hooking.
8:43 of 3rd period - Michael Rasmussen wins face-off versus Shane Pinto in CALGARY Flames zone.
9:04 of 3rd period - Shot by Mason Appleton.
9:04 of 3rd period - Stopped by Stuart Skinner without a rebound.
9:05 of 3rd period - Josh Norris wins face-off versus Charlie Coyle in CALGARY Flames zone.
9:08 of 3rd period - Shot by Josh Norris.
9:08 of 3rd period - Stopped by Stuart Skinner without a rebound.
9:09 of 3rd period - Josh Norris wins face-off versus Charlie Coyle in CALGARY Flames zone.
9:10 of 3rd period - Shot by Mikhail Sergachev.
9:10 of 3rd period - Stopped by Stuart Skinner without a rebound.
9:11 of 3rd period - Matt Boldy wins face-off versus Charlie Coyle in CALGARY Flames zone.
9:48 of 3rd period - Shot by Matt Boldy.
9:48 of 3rd period - Shot Misses the Net.
9:50 of 3rd period - Shot by Matt Boldy.
9:50 of 3rd period - Deflect By Josh Norris.
9:50 of 3rd period - Stopped by Stuart Skinner without a rebound.
9:51 of 3rd period - Shane Pinto wins face-off versus Charlie Coyle in CALGARY Flames zone.
9:52 of 3rd period - Shot by Christopher Tanev.
9:52 of 3rd period - Shot Blocked by Darnell Nurse.
10:06 of 3rd period - Shot by Christopher Tanev.
10:06 of 3rd period - Stopped by Stuart Skinner without a rebound.
10:07 of 3rd period - Charlie Coyle wins face-off versus Shane Pinto in CALGARY Flames zone.
10:16 of 3rd period - Shot by Radim Simek.
10:16 of 3rd period - Shot Misses the Net.
10:18 of 3rd period - Shot by Christopher Tanev.
10:18 of 3rd period - Shot Misses the Net.
10:38 of 3rd period - Shot by Christopher Tanev.
10:38 of 3rd period - Shot Misses the Net.
10:51 of 3rd period - Minor Penalty to Mikhail Sergachev for High sticking.
10:52 of 3rd period - Boone Jenner wins face-off versus Tyler Pitlick in VANCOUVER Canucks zone.
10:52 of 3rd period - Quinn Hughes is hit by Jake McCabe and loses puck.
10:55 of 3rd period - Shot by Charlie McAvoy.
10:55 of 3rd period - Stopped by Jake Oettinger without a rebound.
10:56 of 3rd period - Boone Jenner wins face-off versus Tyler Pitlick in VANCOUVER Canucks zone.
12:12 of 3rd period - Jamie Oleksiak is hit by Matt Boldy.
12:53 of 3rd period - Ty Dellandrea is hit by Victor Mete and loses puck.
13:01 of 3rd period - Icing by Nils Lundkvist.
13:02 of 3rd period - Ty Dellandrea wins face-off versus Shane Pinto in VANCOUVER Canucks zone.
13:28 of 3rd period - Shot by Mason Appleton.
13:28 of 3rd period - Shot Misses the Net.
13:30 of 3rd period - Shot by Victor Mete.
13:30 of 3rd period - Shot Misses the Net.
13:32 of 3rd period - Shot by Mason Appleton.
13:32 of 3rd period - Deflect By Shane Pinto.
13:32 of 3rd period - Shot Blocked by Alexei Toropchenko.
13:34 of 3rd period - Shot by Philip Tomasino.
13:34 of 3rd period - Shot Misses the Net.
13:55 of 3rd period - Stefan Noesen is hit by Quinn Hughes and loses puck.
15:11 of 3rd period - Shot by Lawson Crouse.
15:11 of 3rd period - Stopped by Jake Oettinger with a rebound.
15:17 of 3rd period - Shot by Lawson Crouse.
15:17 of 3rd period - Shot Misses the Net.
15:19 of 3rd period - Shot by Lawson Crouse.
15:19 of 3rd period - Goal by Lawson Crouse - CALGARY Flames : 2 - VANCOUVER Canucks : 4.
15:20 of 3rd period - Shane Pinto wins face-off versus Daniel Sprong in neutral zone.
15:34 of 3rd period - Minor Penalty to Johnathan Kovacevic for Cross-checking.
15:35 of 3rd period - Charlie Coyle wins face-off versus Shane Pinto in CALGARY Flames zone.
15:48 of 3rd period - Shot by Shane Pinto.
15:48 of 3rd period - Stopped by Stuart Skinner without a rebound.
15:49 of 3rd period - Josh Norris wins face-off versus Michael Rasmussen in CALGARY Flames zone.
15:49 of 3rd period - Jake McCabe is hit by Jamie Oleksiak and loses puck.
17:19 of 3rd period - Shot by Shane Pinto.
17:19 of 3rd period - Stopped by Stuart Skinner without a rebound.
17:20 of 3rd period - Shane Pinto wins face-off versus Michael Rasmussen in CALGARY Flames zone.
17:29 of 3rd period - Shot by Shane Pinto.
17:29 of 3rd period - Stopped by Stuart Skinner with a rebound.
18:00 of 3rd period - Shot by A.J. Greer.
18:00 of 3rd period - Stopped by Jake Oettinger without a rebound.
18:01 of 3rd period - Mark Kastelic wins face-off versus Charlie Coyle in VANCOUVER Canucks zone.
18:07 of 3rd period - Christopher Tanev is hit by Charlie McAvoy and loses puck.
18:11 of 3rd period - Minor Penalty to Charlie McAvoy for Tripping.
18:12 of 3rd period - Charlie Coyle wins face-off versus Shane Pinto in CALGARY Flames zone.
18:12 of 3rd period - Darnell Nurse is hit by Philip Tomasino and loses puck.
18:33 of 3rd period - Shot by Mikhail Sergachev.
18:33 of 3rd period - Shot Blocked by Darnell Nurse.
18:37 of 3rd period - Shot by Mikhail Sergachev.
18:37 of 3rd period - Shot Misses the Net.
18:53 of 3rd period - Shot by Mikhail Sergachev.
18:53 of 3rd period - Shot Blocked by Darnell Nurse.
19:43 of 3rd period - Shot by Matt Boldy.
19:43 of 3rd period - Shot Misses the Net.
Goals for this period are 1 for CALGARY Flames vs 1 for VANCOUVER Canucks.
Shots for this period are 5 for CALGARY Flames vs 13 for VANCOUVER Canucks. Output by the SimonT Hockey Simulator (STHS) for Martin Benoit - Original Page W3C HTML5 Valid
Hockey Simulator - Hockey Simulation - Hockey Manager